 Dungeon Crawl Stone Soup version 0.24.1-1-gd1d2a07e1b (webtiles) character file.

Game seed: 7685497119466549951, levelgen mode: deterministic

191 Heliosone the Sneak (level 5, 0/24 HPs)
             Began as a Felid Enchanter on Apr 10, 2020.
             Slain by an ice beast (10 damage)
             ... on level 3 of the Dungeon.
             The game lasted 00:07:26 (3065 turns).

Heliosone the Sneak (Felid Enchanter)               Turns: 3065, Time: 00:07:26

Health: 0/24       AC:  1    Str:  4    XL:     5   Next: 41%
Magic:  4/9        EV: 20    Int: 17    God:
Gold:   78         SH:  0    Dex: 17    Spells: 2/8 levels left
                                        Lives:  0   Deaths: 1

rFire    + . .     SeeInvis +     - Unarmed
rCold    . . .     Gourm    .   (shield unavailable)
rNeg     . . .     Faith    .   (armour unavailable)
rPois    .         Spirit   .   (helmet unavailable)
rElec    .         Reflect  .   (cloak unavailable)
rCorr    .         Harm     .   (gloves unavailable)
MR       .....                  (boots unavailable)
Stlth    ++++......             (no amulet)
HPRegen  0.08/turn              h - ring of protection from fire
MPRegen  0.11/turn              (no ring)

@: quick
A: very small, no armour, no weapons or thrown items, stealth, claws 1, fangs 3,
see invisible, carnivore, speed 1, shaggy fur 1, slow metabolism 1, sharp paws
a: no special abilities


You were on level 3 of the Dungeon.
You were very full.

You visited 1 branch of the dungeon, and saw 3 of its levels.
You also visited: Sewer.

You collected 78 gold pieces.

Inventory:

Jewellery
 h - a ring of protection from fire (left paw)
Scrolls
 e - a scroll of teleportation {unknown}
 f - 2 scrolls of fog {unknown}
 i - 2 scrolls of identify {unknown}
 k - a scroll of noise {unknown}
 m - a scroll of remove curse {unknown}
 o - a scroll of fear {unknown}
Potions
 a - 2 potions of degeneration {unknown}
 c - 3 potions of mutation {unknown}
 d - 2 potions of curing {unknown}
 g - a potion of resistance {unknown}
 j - a potion of magic {unknown}
 n - a potion of heal wounds {unknown}
Comestibles
 b - 7 rations
 l - 5 chunks of flesh


   Skills:
 + Level 2.9 Fighting
 + Level 4.6 Dodging
 - Level 5.6 Stealth
 + Level 2.1 Unarmed Combat
 - Level 2.0 Spellcasting
 - Level 5.2 Hexes
 - Level 1.0 Ice Magic


You had 2 spell levels left.
You knew the following spells:

 Your Spells              Type           Power        Failure   Level  Hunger
a - Corona                Hex            ###....      2%          1    #......
b - Ensorcelled Hibernat  Hex/Ice        ##....       9%          2    ###....
c - Confuse               Hex            ###.....     7%          3    ###....

Your spell library contained the following spells:

 Spells                   Type           Power        Failure   Level  Hunger
 Corpse Rot               Necr           N/A          28%         2    ###....
 Sublimation of Blood     Necr           #.........   28%         2    ###....
 Tukima's Dance           Hex            ###.....     7%          3    ###....
 Dazzling Spray           Conj/Hex       ##....       21%         3    ###....
 Agony                    Necr           #.......     99%         5    ######.
 Bolt of Draining         Conj/Necr      #.........   99%         5    ######.
 Dispel Undead            Necr           #.......     99%         5    ######.
 Excruciating Wounds      Chrm/Necr      Unusable     N/A         5    N/A

Dungeon Overview and Level Annotations

Branches:
Dungeon (3/15)              Sewer (visited)

Altars:
Dithmenos

Annotations:
D:3 Robin


Innate Abilities, Weirdness & Mutations

You cannot wear armour.
You are incapable of wielding weapons or throwing items.
Your paws allow you to move quietly. (Stealth)
You have sharp claws.
You have razor-sharp teeth.
You have supernaturally acute eyesight. (SInv)
You are carnivorous and can eat meat at any time.
You cover ground quickly.
You are covered in fur. (AC +1)
You have a slow metabolism.
Your sharp claws are effective at attacking unaware monsters.


Message History

You catch the helpless ice beast completely off-guard!
You claw the ice beast!
You bite the ice beast, but do no damage.
The ice beast is severely wounded.
You scratch the ice beast.
The ice beast is severely wounded.
The ice beast misses you.
You scratch the ice beast but do no damage.
The ice beast is severely wounded.
The ice beast hits you. The ice beast freezes you!
You are too injured to fight recklessly!
You scratch the ice beast but do no damage.
The ice beast is severely wounded.
You scratch the ice beast.
The ice beast is almost dead.
You barely miss the ice beast.
The ice beast is almost dead.
The ice beast seems less confused.
The ice beast hits you. The ice beast freezes you!
You die...

.. # ###....(..#...
... #. ..........#...
#... #.
##.#########......#...
... ...
..................'...
.....#
##....#######'####...
...# #.............#
#... #....#
#......##############
.# #.......#
#.......#.. .#
#..Y@.#.# #.<.....#..
..# #.....#.#
#.......#.. #.#
#.#####.# ##'######..
gg #. .# #.# #.....


gg# # .# #.# #..... g# .. #.###..... g. #. #......... #..##...## #..####### You
could see an ice beast.

Vanquished Creatures
  Purgy (Sewer)
  A big kobold (Sewer)
  An iguana (D:3)
  4 adders
  A worm (D:3)
  A dart slug (D:1)
  3 leopard geckos
  2 giant cockroaches
  6 goblins
  5 hobgoblins
  4 jackals (D:2)
  6 kobolds
  3 ball pythons (D:3)
  5 bats
  3 frilled lizards
  6 rats
52 creatures vanquished.

Notes
Turn   | Place    | Note
-------+----------+-------------------------------------------
     0 | D:1      | Heliosone the Felid Enchanter began the quest for the Orb.
     0 | D:1      | Reached XP level 1. HP: 7/7 MP: 4/4
   277 | D:1      | Reached skill level 5 in Hexes
   283 | D:1      | Reached XP level 2. HP: 11/11 MP: 6/6
   290 | D:1      | Learned a level 2 spell: Ensorcelled Hibernation
  1038 | D:2      | Reached skill level 1 in Ice Magic
  1327 | D:2      | Reached XP level 3. HP: 11/15 MP: 1/7
  1699 | D:2      | Learned a level 3 spell: Confuse
  1915 | D:3      | Reached skill level 1 in Fighting
  1925 | D:3      | Noticed Robin
  2238 | D:3      | Reached XP level 4. HP: 18/19 MP: 5/8
  2349 | D:3      | Found a shadowy altar of Dithmenos.
  2365 | D:3      | Found a glowing drain.
  2387 | Sewer    | Entered a sewer
  2514 | Sewer    | Noticed Purgy
  2527 | Sewer    | Killed Purgy
  2527 | Sewer    | Reached skill level 5 in Stealth
  2527 | Sewer    | Reached XP level 5. HP: 16/22 MP: 4/9
  2677 | Sewer    | HP: 1/23 [big kobold/+0 whip (6)]
  2678 | Sewer    | Mangled by a big kobold
  2679 | Sewer    | Reached XP level 4. HP: -7/20 MP: 0/8
  2696 | Sewer    | Killed a big kobold
  2696 | Sewer    | Reached XP level 5. HP: 15/24 MP: 9/9
  3046 | D:3      | Noticed an ice beast
  3065 | D:3      | Slain by an ice beast

Levels and vault maps discovered:
D:1:      dpeg_arrival_more_subterranean_lakeside_camping, layout_basic,
          chequers_serial_rivers_small_a
D:2:      layout_basic, roderic_lattice_a
D:3:      minmay_general_purpose_star, layout_basic, lemuel_crystal_altar,
          cheibrodos_sewer_entry_drain, grunt_dithmenos_smoke_and_mirrors,
          uniq_robin

Skill      XL: |  1  2  3  4 |
---------------+-------------+-----
Hexes          | 5 |  5.2
Ice Magic      | 1 |  1.0
Fighting       | 1 2 |  2.9
Dodging        | 3 4 |  4.6
Stealth        | 5 |  5.6
Unarmed Combat | 2 |  2.1
Spellcasting   | |  2.0

Action                   |  1- 3 |  4- 6 || total
-------------------------+-------+-------++-------
Melee: Unarmed           |   101 |    50 ||   151
       Bite              |    13 |     3 ||    16
 Cast: Ensorcelled Hiber |     8 |    10 ||    18
       Confuse           |       |     5 ||     5
 Stab: Sleeping          |    16 |    13 ||    29
       Distracted        |     1 |       ||     1
       Confused          |       |     4 ||     4
  Eat: Chunk             |    10 |     8 ||    18
Armor: Skin              |     4 |       ||     4
Dodge: Dodged            |    79 |    40 ||   119
